 Dungeon Crawl Stone Soup version 0.30.1 (webtiles) character file.

Game seed: 9526588434782189140

2088 javelincjr the Covert (level 9, -2/60 HPs)
             Began as an Octopode Summoner on July 3, 2023.
             Slain by a wraith (9 damage)
             ... in an ossuary.
             The game lasted 00:20:38 (6165 turns).

javelincjr the Covert (Octopode Summoner)           Turns: 6165, Time: 00:20:39

Health: -2/60      AC:  1    Str:  7    XL:     9   Next: 27%
Magic:  13/16      EV: 16    Int: 21    God:
Gold:   150        SH:  0    Dex: 19    Spells: 12/18 levels left

rFire   + + .        l - +0 dagger (drain)
rCold   x . .        (no shield)
rNeg    + . .        (helmet restricted)
rPois   .            (no amulet)
rElec   .            b - ring of willpower
rCorr   .            o - ring "Tyntu" {*Slow rF+ rN+ Dex+6}
SInv    .            B - ring of fire
Will    +....        (no ring)
Stlth   +++++        (no ring)
HPRegen 0.30/turn    (no ring)
MPRegen 0.15/turn    (no ring)
                     (no ring)

%: slow self (1%)
@: no status effects
A: almost no armour, amphibious, 8 rings, camouflage 1, gelatinous body 1,
(nimble swimmer 1), tentacles
a: no special abilities


You were in an ossuary.
You visited 1 branch of the dungeon, and saw 6 of its levels.
You also visited: Sewer and Ossuary.

You collected 310 gold pieces.
You spent 160 gold pieces at shops.

Inventory:

Hand Weapons
 k - a +1 hand axe of pain
 l - a +0 dagger of draining (weapon)
 y - a +2 dagger of flaming
 G - a +3 dagger
Jewellery
 b - a ring of willpower (left tentacle)
 o - the ring "Tyntu" (right tentacle) {*Slow rF+ rN+ Dex+6}
   (You found it on level 3 of the Dungeon)

   [ring of dexterity]

   Dex:       It affects your dexterity (+6).
   rF:        It protects you from fire.
   rN:        It protects you from negative energy.
   *Slow:     It may slow you when you take damage.
 B - a ring of fire (on tentacle)
Wands
 w - a wand of iceblast (21)
Scrolls
 c - 5 scrolls of teleportation
 f - a scroll of noise {unknown}
 g - 4 scrolls of identify {unknown}
 j - 2 scrolls of fear {unknown}
 m - 2 scrolls of poison {unknown}
 n - a scroll of fog {unknown}
 s - a scroll of blinking {unknown}
 t - a scroll of enchant armour {unknown}
 v - 2 scrolls of magic mapping {unknown}
 x - 2 scrolls of enchant weapon {unknown}
 A - 2 scrolls of vulnerability {unknown}
 C - a scroll of silence {unknown}
 D - a scroll of acquirement {unknown}
Potions
 a - a potion of magic
 d - 3 potions of curing
 e - a potion of degeneration {unknown}
 h - 2 potions of cancellation {unknown}
 i - a potion of flight {unknown}
 p - 2 potions of might {unknown}
 q - 6 potions of haste {unknown}
 r - 2 potions of ambrosia {unknown}
 u - a potion of attraction {unknown}
 z - a potion of experience {unknown}
 E - a potion of berserk rage {unknown}
 F - a potion of heal wounds {unknown}


   Skills:
 + Level 4.8 Fighting
 + Level 5.6 Dodging
 + Level 8.1 Stealth
 + Level 5.2 Spellcasting
 + Level 6.8 Summonings


You had 12 spell levels left.
You knew the following spells:

 Your Spells              Type           Power      Damage    Failure   Level
a - Summon Small Mammal   Summ           100%       N/A       1%          1
b - Call Imp              Summ           68%        N/A       1%          2
c - Call Canine Familiar  Summ           34%        N/A       1%          3

Your spell library contained the following spells:

 Spells                   Type           Power      Damage    Failure   Level
 Summon Guardian Golem    Hex/Summ       19%        N/A       8%          3
 Sandblast                Erth           10%        2d5       11%         1
 Passwall                 Tmut/Erth      4%         N/A       16%         2
 Summon Lightning Spire   Summ/Air       19%        N/A       26%         4
 Portal Projectile        Hex/Tloc       10%        N/A       32%         3
 Stone Arrow              Conj/Erth      10%        3d7       32%         3
 Leda's Liquefaction      Hex/Erth       2%         N/A       71%         4


Dungeon Overview and Level Annotations

Branches:
Dungeon (6/15)              Sewer (visited)         Ossuary (1/1)
 Temple: D:4-7

Altars:
Ru

Shops:
D:1 *

Annotations:
D:6 Edmund


Innate Abilities, Weirdness & Mutations

You cannot wear most types of armour.
You are amphibious.
You can wear up to eight rings at the same time.
Your skin changes colour to match your surroundings (Stealth+).
Your rubbery body absorbs attacks. (AC +1, EV +1)
((You are camouflaged when in or above water. (Stealth+)))
You have tentacles for arms and can constrict up to eight enemies at once.


Message History

As you open the door, it creaks loudly!
A wraith comes into view.
You barely miss the wraith. Your squeeze misses the wraith.
Your cerulean imp barely misses the wraith.
The wraith hits you!
You hit the wraith but do no damage.
Your cerulean imp hits the wraith but does no damage.
The wraith hits you!
You barely miss the wraith.
Your cerulean imp hits the wraith but does no damage.
The wraith hits you!
You are too injured to fight recklessly!
You are too injured to fight recklessly!
Casting: Call Imp (safe; 1% risk of failure)
Confirm with . or Enter, or press ? or * to list all spells.
Your cerulean imp closely misses the wraith.
The wraith misses you.
You are too injured to fight recklessly!
You barely miss the wraith.
Your cerulean imp barely misses the wraith.
Your hound closely misses the wraith.
The wraith hits you!
You hit the wraith but do no damage.
Your hound bites the wraith but does no damage.
Your cerulean imp hits the wraith with a -1 spear.
Your hound bites the wraith but does no damage.
The wraith hits you!
* * * LOW HITPOINT WARNING * * *
You hit the wraith but do no damage.
You squeeze the wraith, but do no damage.
The wraith is lightly damaged.
Your cerulean imp hits the wraith with a -1 spear.
Your hound bites the wraith but does no damage.
The wraith hits you.
* * * LOW HITPOINT WARNING * * *
You swap places.
Your hound bites the wraith but does no damage.
Your cerulean imp hits the wraith but does no damage.
Your hound bites the wraith but does no damage.
The wraith hits you!
You die...

#################
#h5@............#
#.W##..###..##).# #.#.#..#
#..#.#.# ###### ###
#.###..###..###.# .....# #W#
#...............#
.8.8.#####▓###.###.......###.#
.......'.....'.# #.......#z#.#
.8.8.#####▓###.###.......###.#
.....# #z# #...............#


You could see a wraith (ally target), a friendly hound (summoned) and a friendly
cerulean imp (summoned).

Vanquished Creatures
  A wraith (Ossuary)
  Duvessa (D:4)
  2 water moccasins (D:5)
  A wight (Ossuary)
  2 hounds (D:5)
  3 iguanas (D:6)
  An orc priest (D:5)
  2 orc wizards
  4 adders
  An ufetubus (D:6)
  2 adder zombies (Ossuary)
  A worm (D:5)
  A dart slug (D:1)
  7 orcs
  9 ball pythons
  4 endoplasms
  3 giant cockroaches
  7 goblins
  9 hobgoblins
  2 jackals (D:1)
  8 kobolds
  2 quokkas
  2 bats
  2 frilled lizards
  A hobgoblin zombie (Ossuary)
  2 kobold zombies (Ossuary)
  An orc skeleton (Ossuary)
  7 rats
88 creatures vanquished.

Vanquished Creatures (collateral kills)
  Pikel (D:5)
  Sigmund (D:5)
  Menkaure (D:5)
  An ogre (D:4)
  2 kobold brigands (Sewer)
  A scorpion (D:5)
  A wight (Ossuary)
  Dowan (D:4)
  A hound (D:3)
  An iguana (D:4)
  Ijyb (D:5)
  A gnoll (D:1)
  An adder (D:4)
  An ufetubus (D:4)
  An adder zombie (Ossuary)
  2 dart slugs
  5 orcs
  2 endoplasms
  2 giant cockroaches
  3 goblins
  8 jackals
  A quokka (D:5)
  4 ball pythons
  A bat (D:3)
  8 kobolds
  A kobold zombie (Ossuary)
  2 orc zombies (Ossuary)
  4 rats
59 creatures vanquished.

Grand Total: 147 creatures vanquished

Notes
Turn   | Place    | Note
-------+----------+-------------------------------------------
     0 | D:1      | javelincjr the Octopode Summoner began the quest for the
                  | Orb.
     0 | D:1      | Reached XP level 1. HP: 11/11 MP: 3/3
    16 | D:1      | Found Pekagh's Assorted Antiques.
   194 | D:1      | Reached skill level 3 in Stealth
   194 | D:1      | Reached XP level 2. HP: 13/17 MP: 1/5
   281 | D:1      | Found a faded altar of an unknown god.
   437 | D:1      | Learned a level 2 spell: Call Imp
  1030 | D:1      | Reached XP level 3. HP: 15/21 MP: 2/6
  1038 | D:1      | Learned a level 3 spell: Call Canine Familiar
  1708 | D:2      | Reached XP level 4. HP: 27/27 MP: 1/7
  2411 | D:3      | You fall into a shaft and drop 2 floors!
  2411 | D:5      | Entered Level 5 of the Dungeon
  2498 | D:4      | Reached skill level 1 in Fighting
  2498 | D:4      | Reached skill level 4 in Stealth
  2498 | D:4      | Reached XP level 5. HP: 21/33 MP: 1/9
  2625 | D:3      | Found a glowing drain.
  2628 | D:3      | Identified the ring "Tyntu" {*Slow rF+ rN+ Dex+6}
  2648 | Sewer    | Entered a sewer
  2832 | Sewer    | Noticed a kobold brigand
  2832 | Sewer    | Noticed a kobold brigand
  2862 | Sewer    | Killed a kobold brigand
  2878 | Sewer    | Killed a kobold brigand
  2879 | Sewer    | Reached XP level 6. HP: 27/39 MP: 6/10
  2962 | D:3      | Reached skill level 5 in Stealth
  2962 | D:3      | Reached skill level 5 in Summonings
  3581 | D:3      | Found a sacrificial altar of Ru.
  3765 | D:4      | Noticed Duvessa
  3765 | D:4      | Noticed Dowan
  3792 | D:4      | Killed Duvessa
  3793 | D:4      | Reached XP level 7. HP: 31/45 MP: 3/12
  3805 | D:4      | Killed Dowan
  4437 | D:5      | Noticed Pikel
  4463 | D:5      | Killed Pikel
  4464 | D:5      | Reached skill level 6 in Stealth
  4464 | D:5      | Reached XP level 8. HP: 37/52 MP: 1/14
  4572 | D:5      | Noticed Sigmund
  4584 | D:5      | Killed Sigmund
  4620 | D:5      | Noticed Ijyb
  4638 | D:5      | Killed Ijyb
  4745 | D:5      | Reached skill level 7 in Stealth
  4878 | D:5      | Noticed Menkaure
  4890 | D:5      | Killed Menkaure
  4891 | D:5      | Reached skill level 5 in Dodging
  5256 | D:5      | Reached skill level 5 in Spellcasting
  5256 | D:5      | Reached XP level 9. HP: 34/59 MP: 11/16
  5628 | D:1      | Bought a sapphire ring for 160 gold pieces
  5774 | D:6      | Found a sand-covered staircase.
  5781 | D:6      | Noticed Edmund
  5787 | Ossuary  | Entered an ossuary
  5998 | Ossuary  | Reached skill level 8 in Stealth
  6165 | Ossuary  | Slain by a wraith

Illustrated notes

Levels and vault maps discovered:
D:1:      ncdulo_lavacross, layout_basic, serial_shops, shop,
          hellmonk_ecumenical_altar_arch_garden, nrook_loot_triangle
D:2:      layout_loops_corners
D:3:      layout_loops_ring, lemuel_coloured_pillars_altar,
          cheibrodos_sewer_entry_drain
D:4:      layout_loops_ring, minmay_distorted, uniq_duvessa
D:5:      layout_loops_ring, uniq_ijyb, uniq_sigmund, uniq_pikel, uniq_menkaure
D:6:      layout_cave_pools, nicolae_ashenzari_skybound, serial_shops,
          kennysheep_little_box, lightli_ossuary_entry_decrepit_ruins,
          uniq_edmund
Ossuary:  ossuary_due_cavern

Skill      XL: |  1  2  3  4  5  6  7  8  9 |
---------------+----------------------------+-----
Stealth        | 3 4 5 6 7 8 |  8.1
Fighting       | 1 2 3 4 |  4.8
Dodging        | 3 4 5 |  5.6
Spellcasting   | 3 4 5 |  5.2
Summonings     | 5 6 |  6.8

Action                     |  1- 3 |  4- 6 |  7- 9 || total
---------------------------+-------+-------+-------++-------
  Melee: Unarmed           |    42 |    47 |       ||    89
         Constrict         |    11 |    35 |    24 ||    70
         Tentacles         |     9 |    30 |    27 ||    66
         Dagger            |       |    54 |    95 ||   149
         Punch             |       |       |     4 ||     4
   Cast: Summon Small Mamm |    16 |       |     2 ||    18
         Call Imp          |    12 |    16 |    20 ||    48
         Call Canine Famil |     4 |    10 |    15 ||    29
    Use: Scroll            |       |     1 |       ||     1
   Stab: Sleeping          |     1 |     9 |     1 ||    11
         Distracted        |       |     1 |     2 ||     3
 Armour: Skin              |     3 |     3 |       ||     6
  Dodge: Dodged            |    39 |    53 |    40 ||   132
